 Dungeon Crawl Stone Soup version 0.31-a0-217-g58bb5d79cf (webtiles) character file.

Game seed: 16518342846534615176

4290 experimilk the Destroyer (level 10, -11/69 HPs)
             Began as a Purple Draconian Conjurer on July 2, 2023.
             Was a Follower of Dithmenos.
             Mangled by an orc knight
             ... wielding a +0 glaive
              (30 damage)
             ... in a bailey.
             The game lasted 00:22:14 (9118 turns).

experimilk the Destroyer (DrCj)                     Turns: 9118, Time: 00:22:15

Health: -11/69     AC:  9    Str: 10    XL:     10   Next: 11%
Magic:  16/27      EV: 12    Int: 20    God:    Dithmenos [*.....]
Gold:   357        SH:  0    Dex: 12    Spells: 8/19 levels left

rFire   . . .        C - +4 short sword
rCold   . . .        (no shield)
rNeg    . . .        (body armour unavailable)
rPois   .            (helmet restricted)
rElec   .            d - scarf {shadows}
rCorr   .            (no gloves)
SInv    .            s - +1 pair of boots
Will    +....        z - amulet of magic regeneration
Stlth   ++++         u - ring of magical power
HPRegen 0.31/turn    A - ring of wizardry
MPRegen 0.60/turn

%: wizardry (x1)
@: mighty, short of breath, wreathed by umbra
A: breathe power, AC +7, unfitting armour, cold-blooded
a: Breathe Dispelling Energy, Renounce Religion


You were in a bailey.
You worshipped Dithmenos.
Dithmenos was aware of your devotion.
You visited 2 branches of the dungeon, and saw 8 of its levels.
You also visited: Bailey.

You collected 357 gold pieces.

Inventory:

Hand Weapons
 C - a +4 short sword (weapon)
Armour
 d - a scarf of shadows (worn)
 s - a +1 pair of boots (worn)
 F - a +2 cloak of willpower
Jewellery
 u - a ring of magical power (left hand)
 v - a +4 ring of protection
 z - an amulet of magic regeneration (around neck)
 A - a ring of wizardry (right hand)
 B - a ring of positive energy
Wands
 m - a wand of digging (3)
Scrolls
 c - a scroll of revelation
 e - a scroll of fog {unknown}
 f - 2 scrolls of torment
 g - a scroll of immolation {unknown}
 h - 2 scrolls of summoning {unknown}
 j - a scroll of blinking {unknown}
 l - 5 scrolls of teleportation
 o - a scroll of amnesia
 q - a scroll of enchant weapon {unknown}
 w - a scroll of enchant armour
 E - a scroll of poison {unknown}
Potions
 a - 2 potions of magic
 b - 3 potions of might
 i - 2 potions of resistance {unknown}
 k - 4 potions of mutation
 n - 4 potions of curing
 p - 2 potions of ambrosia
 r - 3 potions of brilliance {unknown}
 t - 2 potions of haste {unknown}
 x - 2 potions of attraction
 D - a potion of lignification {unknown}
 G - a potion of cancellation {unknown}


   Skills:
 - Level 1.7 Dodging
 + Level 7.2 Stealth
 + Level 5.4 Spellcasting
 - Level 10.5 Conjurations
 - Level 4.5 Hexes
 + Level 9.8 Earth Magic


You had 8 spell levels left.
You knew the following spells:

 Your Spells              Type           Power      Damage    Failure   Level
a - Magic Dart            Conj           100%       1d8       1%          1
b - Fulminant Prism       Conj/Hex       17%        3d10      1%          4
f - Dazzling Flash        Conj/Hex       70%        N/A       1%          3
z - Stone Arrow           Conj/Erth      92%        3d12      1%          3

Your spell library contained the following spells:

 Spells                   Type           Power      Damage    Failure   Level
 Searing Ray              Conj           94%        2d7       1%          2
 Static Discharge         Conj/Air       52%        2-5/arc   1%          2
 Apportation              Tloc           10%        N/A       4%          1
 Necrotise                Necr           20%        1d5       4%          1
 Summon Small Mammal      Summ           20%        N/A       4%          1
 Iskenderun's Mystic Bla  Conj/Tloc      26%        2d7       5%          4
 Ozocubu's Armour         Ice            5%         N/A       13%         3
 Airstrike                Air            2%         2d(1-17)  38%         4
 Summon Lightning Spire   Summ/Air       5%         N/A       38%         4
 Lehudib's Crystal Spear  Conj/Erth      23%        10d6      98%         8
 Ozocubu's Refrigeration  Ice            2%         4d8       100%        7
 Animate Armour           Summ/Erth      Unusable   N/A       N/A         4

Dungeon Overview and Level Annotations

Branches:
Dungeon (7/15)             Temple (1/1) D:6          Bailey (1/1)

Altars:
Ashenzari
Cheibriados
Dithmenos
Elyvilon
Fedhas
Gozag
Kikubaaqudgha
Makhleb
Nemelex Xobeh
Okawaru
Qazlal
Ru
Sif Muna
Trog
Vehumet
Wu Jian
Xom
Yredelemnul
Zin

Annotations:
D:3 2 runed translucent doors, rogueadept's ghost, amateur HuCA


Innate Abilities, Weirdness & Mutations

You can breathe bolts of dispelling energy.
Your rich purple scales are hard. (AC +7)
You cannot fit into any form of body armour.
You are cold-blooded and may be slowed by cold attacks.


Message History

Aiming: Breathe Dispelling Energy (3% risk of failure)
Press: ? - help, Shift-Dir - straight line, f - orc knight
Aim: an orc knight, wielding a +0 glaive and wearing a +0 plate armour (heavily wounded, umbra, 53% to hit)
Okay, then.
Casting: Dazzling Flash (safe; 1% risk of failure)
Confirm with . or Enter, or press ? or * to list all spells.
Casting: Dazzling Flash (safe; 1% risk of failure)
Press: ? - help, Dir - look around, f - activate The orc closely misses you.
The orc knight barely misses you.
Unknown command.
Casting: Dazzling Flash (safe; 1% risk of failure)
Confirm with . or Enter, or press ? or * to list all spells.
Casting: Dazzling Flash (safe; 1% risk of failure)
Press: ? - help, Dir - look around, f - activate The orc knight is dazzled.
The orc is dazzled.
The orc barely misses you.
The orc knight hits you with a +0 glaive.
Unknown command.
Aiming: Breathe Dispelling Energy (3% risk of failure)
Press: ? - help, Shift-Dir - straight line, f - orc knight
Aim: an orc knight, wielding a +0 glaive and wearing a +0 plate armour (moderately wounded, blind, umbra, 53% to hit)
You breathe a bolt of dispelling energy.
The bolt of dispelling energy hits the orc knight but does no damage.
The orc knight is moderately wounded.
The orc knight's magical effects unravel!
The orc barely misses you.
The orc knight hits you with a +0 glaive!
You feel very mighty all of a sudden. The orc closely misses you.
The orc knight roars a battlecry!
The orcs go into a battle-frenzy!
Casting: Dazzling Flash (safe; 1% risk of failure)
Confirm with . or Enter, or press ? or * to list all spells.
Aiming: Stone Arrow (safe; 1% risk of failure)
Press: ? - help, Shift-Dir - straight line, f/p - orc knight
Aim: an orc knight, wielding a +0 glaive and wearing a +0 plate armour (moderately wounded, umbra, 76% to hit)
The stone arrow misses the orc knight.
The orc barely misses you. The orc hits you with a +0 war axe.
* * * LOW HITPOINT WARNING * * *
The orc knight hits you with a +0 glaive!!
You die...

#.......#
#.....#
##'''##
#.....#
#.....#
#.....#
#.o...#
#.....#
##@o'##
##.o...##
#.......#
#.......#
#..#.#..#
#..#8#..#
#.....).#
##.....##
###'###


You could see an orc knight and 2 orcs.

Vanquished Creatures
  A water moccasin (D:5)
  4 orc warriors (Bailey)
  2 ice beasts
  A black bear (D:6)
  An ogre (D:6)
  2 phantoms (D:5)
  A kobold brigand (D:5)
  9 wights
  A howler monkey (D:5)
  4 hounds
  Crazy Yiuf (D:6)
  An orc priest (D:3)
  3 sleepcaps
  4 iguanas
  3 gnolls (D:5)
  11 adders
  2 worms
  6 dart slugs
  28 orcs
  4 bats
  4 endoplasms
  4 giant cockroaches
  7 goblins
  5 hobgoblins
  3 jackals (D:1)
  7 quokkas
  12 ball pythons
  4 frilled lizards
  19 kobolds
  3 rats
157 creatures vanquished.

Vanquished Creatures (others)
  10 fulminant prisms (Bailey)
10 creatures vanquished.

Grand Total: 167 creatures vanquished

Notes
Turn   | Place    | Note
-------+----------+-------------------------------------------
     0 | D:1      | experimilk the Draconian Conjurer began the quest for the
                  | Orb.
     0 | D:1      | Reached XP level 1. HP: 14/14 MP: 3/3
   294 | D:1      | Reached XP level 2. HP: 20/20 MP: 3/5
   334 | D:1      | Learned a level 2 spell: Searing Ray
   864 | D:1      | Reached skill level 5 in Conjurations
  1052 | D:1      | Reached XP level 3. HP: 26/26 MP: 3/6
  1711 | D:2      | Reached XP level 4. HP: 7/33 MP: 4/7
  2265 | D:3      | Reached skill level 6 in Conjurations
  2538 | D:3      | Found a runed translucent door.
  2545 | D:3      | Noticed rogueadept's ghost (amateur HuCA)
  2764 | D:3      | Found a runed translucent door.
  2957 | D:3      | Reached XP level 5. HP: 24/38 MP: 1/8
  4128 | D:4      | Learned a level 4 spell: Iskenderun's Mystic Blast
  4571 | D:3      | Reached skill level 7 in Conjurations
  4671 | D:4      | Reached XP level 6. HP: 37/45 MP: 9/9
  5440 | D:4      | Reached skill level 8 in Conjurations
  5937 | D:5      | Entered Level 5 of the Dungeon
  5963 | D:5      | Your scales start taking on a rich purple colour.
  5963 | D:5      | Reached XP level 7. HP: 50/50 MP: 10/10
  6038 | D:4      | Learned a level 3 spell: Dazzling Flash
  6131 | D:5      | Reached skill level 9 in Conjurations
  6205 | D:5      | Reached skill level 1 in Hexes
  6627 | D:5      | Reached XP level 8. HP: 52/57 MP: 12/12
  7267 | D:6      | Reached skill level 10 in Conjurations
  7510 | D:6      | Found a staircase to the Ecumenical Temple.
  7634 | D:6      | Found a runed translucent door.
  7635 | D:6      | Noticed Crazy Yiuf
  7646 | D:6      | Killed Crazy Yiuf
  8081 | Temple   | Entered the Ecumenical Temple
  8454 | Temple   | Became a worshipper of Dithmenos the Shadowed
  8462 | Temple   | Learned a level 3 spell: Stone Arrow
  8467 | Temple   | Learned a level 4 spell: Fulminant Prism
  8528 | D:7      | Reached skill level 5 in Spellcasting
  8562 | D:7      | Found a flagged portal.
  8583 | Bailey   | Entered a bailey
  8604 | Bailey   | Reached skill level 1 in Earth Magic
  8687 | Bailey   | Reached XP level 9. HP: 62/62 MP: 12/16
  8734 | Bailey   | Reached * piety under Dithmenos
  9002 | Bailey   | Reached XP level 10. HP: 69/69 MP: 18/18
  9009 | Bailey   | Noticed an orc knight
  9095 | Bailey   | Noticed an orc knight
  9118 | Bailey   | Mangled by an orc knight

Illustrated notes

Levels and vault maps discovered:
D:1:      lemuel_arrival_rhombus, layout_basic
D:2:      layout_rooms
D:3:      layout_basic, ebering_ghost_sewer_f, serial_bayou_pond_e
D:4:      layout_layer_cave
D:5:      layout_basic, minmay_quadrilaterals
D:6:      layout_layer_cave, minmay_temple_entry_glassed_door,
          minmay_misc_feat_alley, uniq_crazy_yiuf_cottage
D:7:      layout_loops_ring, enter_bailey_5
Temple:   compressed_dpeg_triangle_lava_temple
Bailey:   bailey_polearm_5, bailey

Skill      XL: |  1  2  3  4  5  6  7  8  9 |
---------------+----------------------------+-----
Conjurations   | 5 6 7 8 9 10 | 10.5
Hexes          | 4 |  4.5
Spellcasting   | 5 |  5.4
Stealth        | 2 7 |  7.2
Earth Magic    | 1 9 |  9.8
Dodging        | |  1.7

Action                     |  1- 3 |  4- 6 |  7- 9 | 10-12 || total
---------------------------+-------+-------+-------+-------++-------
  Melee: Unarmed           |    24 |       |       |       ||    24
         Tailslap          |     6 |       |     2 |       ||     8
         Short sword       |    52 |    12 |    24 |     6 ||    94
   Cast: Magic Dart        |    44 |    67 |    33 |     2 ||   146
         Searing Ray       |     9 |    21 |    33 |       ||    63
         Iskenderun's Myst |       |     1 |     1 |       ||     2
         Stone Arrow       |       |       |    17 |     4 ||    21
         Fulminant Prism   |       |       |     8 |     2 ||    10
         Dazzling Flash    |       |       |     4 |     3 ||     7
Ability: Breathe Dispellin |       |       |     9 |     1 ||    10
    Use: Potion            |     1 |       |     2 |     1 ||     4
         Scroll            |       |     5 |     8 |       ||    13
   Stab: Invisible         |       |       |     1 |     1 ||     2
 Armour: Skin              |    38 |    13 |    18 |     1 ||    70
  Dodge: Dodged            |    71 |    28 |    43 |    11 ||   153

Table legend: (Time is in decaauts)
 A = Elapsed time spent in this place.
 B = Non-inter-level travel time spent in this place.
 C = Inter-level travel time spent in this place.
 D = Time resting spent in this place.
 E = Time spent auto-exploring this place.
 F = Levels seen in this place.
 G = Mean time per level.
                   A        B        C        D        E       F      G
               +--------+--------+--------+--------+--------+-----+--------+
         Total |   9122 |   8934 |    188 |   1908 |   5698 |   9 | 1013.6 |
       Dungeon |   8195 |   8007 |    188 |   1604 |   5360 |   7 | 1170.7 |
        Temple |    391 |    391 |      0 |      0 |    338 |   1 |  391.0 |
        Bailey |    534 |    534 |      0 |    304 |      0 |   1 |  534.0 |
               +--------+--------+--------+--------+--------+-----+--------+

Top non-repeatable levels by time:
     D:4: 2534 daAuts
     D:1: 1418 daAuts
     D:6: 1236 daAuts
     D:3: 1149 daAuts
     D:5: 953 daAuts
     D:2: 840 daAuts
  Bailey: 534 daAuts
  Temple: 391 daAuts
     D:7: 64 daAuts
